 Dungeon Crawl Stone Soup version 0.31.0 (webtiles) character file.

Game seed: 1566773638504232869

1232 qw the Skirmisher (level 8, 0/50 HPs)
             Began as a Gargoyle Hunter on Jan 19, 2024.
             Was an Initiate of Okawaru.
             Killed by divine providence
             ... invoked by an orc priest
              (16 damage)
             ... on level 6 of the Dungeon.
             The game lasted 00:00:21 (4670 turns).

qw the Skirmisher (Gargoyle Hunter)                 Turns: 4670, Time: 00:00:21

Health: 0/50       AC: 16    Str: 18    XL:     8   Next: 48%
Magic:  8/8        EV: 11    Int: 10    God:    Okawaru [......]
Gold:   391        SH:  0    Dex: 15    Spells: 7/7 levels left

rFire   . . .        d - +1 orcbow (heavy)
rCold   . . .        (shield currently unavailable)
rNeg    + . .        b - +0 ring mail
rPois   inf          h - +2 helmet
rElec   +            a - +1 cloak of Fun and Games {Fly Will+ Str+3}
rCorr   .            (no gloves)
SInv    .            (no boots)
Will    +....        (no amulet)
Stlth   +            (no ring)
HPRegen 0.28/turn    (no ring)
MPRegen 0.11/turn

%: no passive effects
@: flying
A: sickness immunity, AC +5, negative energy resistance 1, electricity
resistance, torment resistance 1, petrification resistance
a: Renounce Religion


You were on level 6 of the Dungeon.
You worshipped Okawaru.
Okawaru was noncommittal.
You visited 2 branches of the dungeon, and saw 7 of its levels.

You collected 391 gold pieces.


Innate Abilities, Weirdness & Mutations

You are immune to sickness and miasma.
Your stone body is resilient. (AC +5)
You are immune to poison.
You resist negative energy. (rN+)
You are resistant to electric shocks. (rElec)
You are resistant to unholy torment.
You are immune to petrification.


   Skills:
 + Level 5.4 Fighting
 - Level 9.2 Ranged Weapons
 - Level 2.0 Armour
 - Level 2.3 Dodging
 - Level 1.1 Stealth


You had 7 spell levels left.
You didn't know any spells.
Your spell library was empty.

Inventory:

Hand Weapons
 d - a +1 heavy orcbow (weapon)
Armour
 a - the +1 cloak of Fun and Games (worn) {Fly Will+ Str+3}
   (You acquired it on level 1 of the Dungeon)

   Str+3:     It affects your strength (+3).
   Will+:     It increases your willpower.
   Fly:       It grants you flight.
 b - a +0 ring mail (worn)
 h - a +2 helmet (worn)
Wands
 j - a wand of paralysis (3)
Scrolls
 g - a scroll of teleportation
Potions
 c - a potion of attraction {unknown}
 e - a potion of haste {unknown}
 f - a potion of might {unknown}
 i - a potion of lignification {unknown}
 k - a potion of curing {unknown}
 l - a potion of magic {unknown}
 m - a potion of heal wounds {unknown}

Dungeon Overview and Level Annotations

Branches:
Dungeon (6/15)             Temple (1/1) D:5

Altars:
Cheibriados
Dithmenos
Elyvilon
Fedhas
Gozag
Hepliaklqana
Kikubaaqudgha
Makhleb
Nemelex Xobeh
Okawaru
Qazlal
Ru
Sif Muna
Trog
Uskayaw
Vehumet
Wu Jian
Xom
Yredelemnul
Zin


Message History

The orc priest invokes the aid of Beogh against you.
Beogh smites you!
You shoot an arrow. The arrow closely misses the orc.
The arrow closely misses the orc priest.
The orc priest mumbles some strange prayers to Beogh against you.
Beogh smites you!
You shoot an arrow. The arrow hits the orc!!
You kill the orc!
Okawaru accepts your kill.
You shoot an arrow. The arrow hits the orc.
The orc is moderately wounded.
You shoot an arrow. The arrow closely misses the orc.
The orc barely misses you.
The orc priest hits you but does no damage.
The orc closely misses you.
You shoot an arrow. The arrow hits the orc!
You kill the orc!
Okawaru accepts your kill.
The orc priest mumbles some strange prayers to Beogh against you.
Beogh smites you!
The orc priest hits you but does no damage.
You shoot an arrow. The arrow hits the orc priest!
The orc priest is heavily wounded.
The orc priest calls down the wrath of Beogh upon you.
You resist with some effort.
The orc priest hits you but does no damage.
You shoot an arrow.
The arrow closely misses the orc priest.
The orc priest barely misses you. x2
The orc priest hits you but does no damage.
The orc priest hits you with a +0 hand axe.
You shoot an arrow. The arrow hits the orc priest.
The orc priest is severely wounded.
The orc priest hits you but does no damage. x2
You shoot an arrow.
The arrow closely misses the orc priest.
The orc priest hits you but does no damage. x2
The orc priest mumbles some strange prayers to Beogh against you.
Beogh smites you!
You die...

##################
.................#
################.#
######..#.# #....%..#.#
########.####.##@#
...............oo#
.............)#..#########
..............#[)........#
..............#.########.#
..............#.# #.#
..............#.# ###.###
.%..........%.#.# #.....#
..............#.# #.#.#.#


You could see 2 orc priests.

Vanquished Creatures
  A wyvern (D:6)
  An orc warrior (D:6)
  2 phantoms
  2 bullfrogs (D:6)
  A bombardier beetle (D:5)
  4 hounds
  2 orc priests (D:6)
  A sleepcap (D:6)
  3 iguanas
  Natasha (thrice) (D:3)
  6 orc wizards
  5 adders
  A gnoll (D:1)
  A shadow imp (D:6)
  2 dart slugs
  3 ribbon worms
  11 orcs
  10 ball pythons
  2 bats
  10 endoplasms
  4 giant cockroaches
  9 hobgoblins
  6 kobolds
  2 quokkas
  4 frilled lizards
  6 goblins
  5 rats
107 creatures vanquished.

Notes
Turn   | Place    | Note
-------+----------+-------------------------------------------
     0 | D:1      | qw the Gargoyle Hunter began the quest for the Orb.
     0 | D:1      | Reached XP level 1. HP: 12/12 MP: 1/1
     0 | D:1      | 0 ||| qw: Version: 0.3-a-132-g3d54051
     0 | D:1      | 0 ||| qw: Game counter: 259
     0 | D:1      | 0 ||| qw: Melee chars always use a shield: true
     0 | D:1      | 0 ||| qw: God list: Okawaru
     0 | D:1      | 0 ||| qw: Allow faded altars: false
     0 | D:1      | 0 ||| qw: Do Orc after clearing Dungeon:15 true
     0 | D:1      | 0 ||| qw: Do second Lair branch before Depths: true
     0 | D:1      | 0 ||| qw: Lair rune preference: random
     0 | D:1      | 0 ||| qw: Goals: Normal
     0 | D:1      | 0 ||| PLANNING D:1-11
    99 | D:1      | Reached XP level 2. HP: 17/17 MP: 2/2
   276 | D:1      | Reached XP level 3. HP: 21/21 MP: 3/3
   349 | D:1      | Reached skill level 5 in Ranged Weapons
   610 | D:1      | 610 ||| UPGRADING to +0 helmet.
   615 | D:1      | 615 ||| READING scroll labelled NEAFRAINEB.
   616 | D:1      | 616 ||| READING 2 scrolls labelled FEKOORI LYUS.
   616 | D:1      | Identified 2 scrolls of acquirement
   616 | D:1      | 616 ||| ACQUIRING +0 heavy orcbow
   616 | D:1      | Acquired a +0 heavy orcbow
   618 | D:1      | 618 ||| SWAPPING to +0 heavy orcbow.
   619 | D:1      | 619 ||| DROPPING +0 shortbow.
   620 | D:1      | 620 ||| READING scroll of acquirement.
   620 | D:1      | 620 ||| ACQUIRING +1 cloak of Fun and Games {Fly Will+
                  | Str+3}
   620 | D:1      | Acquired the +1 cloak of Fun and Games {Fly Will+ Str+3}
   622 | D:1      | 622 ||| UPGRADING to +1 cloak of Fun and Games {Fly Will+
                  | Str+3}.
   627 | D:1      | 627 ||| DROPPING scroll of butterflies.
   693 | D:2      | Found a shimmering blue altar of Sif Muna.
   693 | D:2      | You are sucked into a shaft and drop 1 floor!
   702 | D:3      | 702 ||| FLEEEEING.
   705 | D:3      | 705 ||| STAIRDANCE
   911 | D:2      | 911 ||| UPGRADING to +0 ring mail.
   917 | D:2      | 917 ||| FLEEEEING.
   927 | D:2      | 927 ||| UPGRADING to +0 ring mail.
   932 | D:2      | 932 ||| DROPPING +0 leather armour.
  1222 | D:2      | Reached skill level 1 in Armour
  1431 | D:2      | 1431 ||| READING scroll labelled LOPTIQIBLAE.
  1486 | D:3      | Reached XP level 4. HP: 27/27 MP: 4/4
  1544 | D:3      | Noticed Natasha
  1545 | D:3      | Killed Natasha
  1546 | D:3      | Reached skill level 3 in Fighting
  1662 | D:3      | Noticed Natasha
  1663 | D:3      | Killed Natasha
  1707 | D:3      | Reached XP level 5. HP: 32/32 MP: 5/5
  1722 | D:3      | Noticed Natasha
  1726 | D:3      | Reached skill level 6 in Ranged Weapons
  1731 | D:3      | Killed Natasha
  1733 | D:3      | 1733 ||| FLEEEEING.
  1916 | D:3      | Found a bloodstained altar of Trog.
  2007 | D:3      | 2007 ||| READING scroll labelled TOSIUMU ANNE.
  2007 | D:3      | 2007 ||| ENCHANTING +0 helmet.
  2008 | D:3      | 2008 ||| READING scroll labelled MIRAAM MEYP.
  2008 | D:3      | 2008 ||| ENCHANTING +0 heavy orcbow.
  2050 | D:4      | Noticed a phantom
  2056 | D:4      | Found a basalt altar of Yredelemnul.
  2062 | D:4      | Killed a phantom
  2063 | D:4      | Reached XP level 6. HP: 29/38 MP: 6/6
  2331 | D:4      | Found a sparkling altar of Nemelex Xobeh.
  2338 | D:4      | 2338 ||| FLEEEEING.
  2494 | D:4      | Reached skill level 7 in Ranged Weapons
  2494 | D:4      | 2494 ||| FLEEEEING.
  2505 | D:4      | 2505 ||| FLEEEEING.
  2516 | D:4      | 2516 ||| FLEEEEING.
  2521 | D:4      | 2521 ||| FLEEEEING.
  2522 | D:4      | 2522 ||| FLEEEEING.
  2523 | D:4      | 2523 ||| FLEEEEING.
  2524 | D:4      | 2524 ||| FLEEEEING.
  2525 | D:4      | 2525 ||| FLEEEEING.
  2718 | D:4      | 2718 ||| READING scroll labelled COGAZU FOPH.
  2719 | D:4      | 2719 ||| FLEEEEING.
  2722 | D:4      | 2722 ||| READING scroll labelled RISAOS TYLYGERPH.
  2723 | D:4      | 2723 ||| READING scroll labelled BOTAV QODIR.
  2730 | D:5      | Entered Level 5 of the Dungeon
  2731 | D:5      | 2731 ||| STAIRDANCE
  2740 | D:4      | 2740 ||| FLEEEEING.
  2751 | D:4      | 2751 ||| FLEEEEING.
  2762 | D:4      | 2762 ||| FLEEEEING.
  2767 | D:4      | 2767 ||| STAIRDANCE
  2821 | D:4      | Reached XP level 7. HP: 43/43 MP: 7/7
  3102 | D:5      | 3102 ||| READING scroll of enchant armour.
  3102 | D:5      | 3102 ||| ENCHANTING +1 helmet.
  3121 | D:5      | Found a staircase to the Ecumenical Temple.
  3122 | D:5      | 3122 ||| PLANNING TEMPLE
  3147 | Temple   | Entered the Ecumenical Temple
  3148 | Temple   | 3148 ||| PLANNING D:1-11
  3161 | D:5      | 3161 ||| FLEEEEING.
  3240 | D:5      | 3240 ||| FLEEEEING.
  3256 | D:5      | 3256 ||| FLEEEEING.
  4028 | D:6      | Reached skill level 8 in Ranged Weapons
  4063 | D:6      | Reached XP level 8. HP: 43/49 MP: 8/8
  4063 | D:6      | 4063 ||| FLEEEEING.
  4066 | D:6      | 4066 ||| STAIRDANCE
  4196 | D:6      | Noticed a wyvern
  4197 | D:6      | 4197 ||| ZAPPING wand of paralysis (4) at -5,1 (wyvern;
                  | floor).
  4202 | D:6      | Killed a wyvern
  4285 | D:6      | Found an iron altar of Okawaru.
  4286 | D:6      | 4286 ||| PLANNING OKAWARU WORSHIP
  4300 | D:6      | Became a worshipper of Warmaster Okawaru
  4301 | D:6      | 4301 ||| PLANNING D:1-11
  4335 | D:6      | Reached skill level 9 in Ranged Weapons
  4335 | D:6      | 4335 ||| FLEEEEING.
  4484 | D:6      | Found an ancient bone altar of Kikubaaqudgha.
  4670 | D:6      | Killed from afar by an orc priest

Levels and vault maps discovered:
D:1:      spicycebolla_arrival_clurvy, layout_rooms,
          nicolae_concentric_dashed_squares_mild
D:2:      minmay_angry_zag, layout_loops_ring, serial_bayou,
          serial_bayou_shore_b, serial_bayou_lagoon_a, serial_bayou_lagoon_b,
          serial_bayou_pond_a, serial_bayou_pond_e, serial_bayou_pond_e,
          basic_altar
D:3:      layout_loops_ring, trog_book, chequers_serial_rivers_small_a,
          uniq_natasha
D:4:      layout_basic, mainiacjoe_overflow_alcove_1, nemelex_dance_club_becter,
          minmay_a_box_with_orc_wizards_in_it
D:5:      layout_basic, minmay_temple_entry_slanted
D:6:      layout_basic, lemuel_crystal_altar,
          mainiacjoe_overflow_concentric_impassable
Temple:   nicolae_temple_no_exploring_needed

Skill      XL: |  1  2  3  4  5  6  7  8 |
---------------+-------------------------+-----
Ranged Weapons | 5 6 7 8 9 |  9.2
Armour         | 1 2 |  2.0
Fighting       | 3 4 5 |  5.4
Dodging        | 2 |  2.3
Stealth        | |  1.1

Action                     |  1- 3 |  4- 6 |  7- 9 || total
---------------------------+-------+-------+-------++-------
   Fire: Shortbow          |    83 |       |       ||    83
         Orcbow            |    52 |   105 |    99 ||   256
  Evoke: Wand              |       |       |     1 ||     1
    Use: Scroll            |     4 |     5 |     1 ||    10
 Armour: Leather armour    |    30 |       |       ||    30
         Ring mail         |    15 |    83 |    40 ||   138
  Dodge: Dodged            |    51 |    35 |    43 ||   129

Table legend:
 A = Non-vault XP
 B = Vault XP
 C = Vault XP percentage of total XP
 D = Non-vault monster count
 E = Vault monster count
 F = Vault count percentage of total count
                 A         B        C        D         E       F
            +---------+---------+-------+---------+---------+-------
      Total |    1587 |     173 |   9.8 |      97 |      10 |   9.3
            +---------+---------+-------+---------+---------+-------
        D:1 |      52 |       0 |   0.0 |      23 |       0 |   0.0
        D:2 |      21 |       5 |  19.2 |      12 |       3 |  20.0
        D:3 |     190 |      36 |  15.9 |      14 |       1 |   6.7
        D:4 |     205 |     132 |  39.2 |      21 |       6 |  22.2
        D:5 |     234 |       0 |   0.0 |       6 |       0 |   0.0
        D:6 |     885 |       0 |   0.0 |      21 |       0 |   0.0
            +---------+---------+-------+---------+---------+-------
